 Dungeon Crawl Stone Soup version 0.29-a0-284-gf9362112df (webtiles) character file.

Game seed: 16387533995274516672

14936 sizableburger the Cleaver (level 11, -6/66 HPs)
             Began as a Deep Elf Fighter on Mar 31, 2022.
             Was a Priest of Vehumet.
             Mangled by Gastronok (28 damage)
             ... on level 3 of the Lair of Beasts.
             The game lasted 00:47:04 (19545 turns).

sizableburger the Cleaver (Deep Elf Fighter)       Turns: 19545, Time: 00:47:04

Health: -6/66      AC: 18    Str: 17    XL:     11   Next: 95%
Magic:  8/23       EV:  8    Int: 14    God:    Vehumet [***...]
Gold:   600        SH:  5    Dex: 20    Spells: 18/24 levels left

rFire   . . .      SeeInvis .   C - +3 war axe (elec)
rCold   . . .      Faith    .   c - +0 buckler
rNeg    . . .      Spirit   .   z - +1 chain mail
rPois   .          Reflect  .   f - +2 helmet
rElec   +          Harm     .   H - +0 cloak
rCorr   .          Rampage  .   (no gloves)
Will    ++...                   a - +2 pair of boots
Stlth   ..........              (no amulet)
HPRegen 0.21/turn               D - ring of willpower
MPRegen 0.18/turn               F - ring of Awe {rElec Dex+6}

@: very slightly contaminated
A: no striking features
a: Renounce Religion


You were on level 3 of the Lair of Beasts.
You worshipped Vehumet.
Vehumet was most pleased with you.
You visited 3 branches of the dungeon, and saw 14 of its levels.

You collected 600 gold pieces.

Inventory:

Hand Weapons
 C - a +3 war axe of electrocution (weapon)
Missiles
 l - 9 boomerangs (quivered)
 E - a throwing net
Armour
 a - a +2 pair of boots (worn)
 c - a +0 buckler (worn)
 f - a +2 helmet (worn)
 t - a +0 kite shield
 z - a +1 chain mail (worn)
 H - a +0 cloak (worn)
Jewellery
 b - a ring of fire
 j - a ring of ice
 k - a ring of see invisible
 p - a ring of wizardry
 q - a ring of protection from fire
 D - a ring of willpower (left hand)
 F - the ring of Awe (right hand) {rElec Dex+6}
   (You found it on level 8 of the Dungeon)

   [ring of dexterity]

   Dex:       It affects your dexterity (+6).
   rElec:     It insulates you from electricity.
Wands
 d - a wand of digging (7)
 s - a wand of mindburst (2)
 u - a wand of iceblast (2)
 w - a wand of polymorph (7)
 y - a wand of flame (11)
 B - a wand of charming (17)
Scrolls
 g - 2 scrolls of vulnerability
 i - 2 scrolls of holy word
 m - a scroll of amnesia
 v - a scroll of fog
Potions
 e - a potion of attraction
 h - a potion of curing
 n - a potion of resistance
 o - 2 potions of flight
 r - a potion of cancellation {unknown}
 x - 2 potions of lignification
 A - a potion of brilliance
 G - a potion of haste


   Skills:
 + Level 6.8 Fighting
 - Level 11.0 Axes
 - Level 4.7 Armour
 + Level 3.6 Dodging
 - Level 2.4 Shields
 - Level 7.0 Spellcasting
 - Level 6.1 Conjurations
 - Level 7.0 Fire Magic
 + Level 3.5 Ice Magic
 + Level 2.6 Evocations


You had 18 spell levels left.
You knew the following spells:

 Your Spells              Type           Power      Damage    Failure   Level
a - Foxfire               Conj/Fire      92%        2x1d8     4%          1
b - Scorch                Fire           48%        2d7       6%          2
c - Frozen Ramparts       Ice            28%        1d4       41%         3

Your spell library contained the following spells:

 Spells                   Type           Power      Damage    Failure   Level


Dungeon Overview and Level Annotations

Branches:
Dungeon (9/15)             Temple (1/1) D:4            Lair (4/6) D:9
  Snake (0/4) Lair:2
  Swamp: Lair:2-4    Shoals: Lair:2-4       Orc: D:9-12

Altars:
Ashenzari
Cheibriados
Dithmenos
Elyvilon
Fedhas
Gozag
Hepliaklqana
Kikubaaqudgha
Makhleb
Nemelex Xobeh
Okawaru
Qazlal
Ru
Sif Muna
Trog
Uskayaw
Vehumet
Wu Jian
Xom
Yredelemnul
Zin
The Shining One

Shops:
D:1 !   D:2 :   D:9 *

Portals:
Abyss: D:7

Annotations:
D:3 3 runed translucent doors, chopper's ghost, weakling GnFi
D:4 1 runed translucent door, Crazy Yiuf
D:5 exclusion: oklob plant
D:7 2 transporters, sammy202020's ghost, novice DsBe
D:8 3 runed translucent doors
Lair:3 2 transporters, exclusion: oklob plant, Gastronok; ders's ghost, journeyman DjCj


Message History

Confirm with . or Enter, or press ? or * to list all spells.
Flames lash Gastronok.
Gastronok is lightly wounded.
Gastronok's fire resistance burns away.
Unknown command.
Casting: Scorch (safe; 6% risk of failure)
Confirm with . or Enter, or press ? or * to list all spells.
Flames lash Gastronok.
Gastronok is burned terribly!
Gastronok is lightly wounded.
The wall freezes Gastronok.
You block Gastronok's attack.
Unknown command.
Casting: Scorch (safe; 6% risk of failure)
Confirm with . or Enter, or press ? or * to list all spells.
Flames lash Gastronok.
Gastronok is burned terribly!
Gastronok is moderately wounded.
Casting: Scorch (safe; 6% risk of failure)
Confirm with . or Enter, or press ? or * to list all spells.
You miscast Scorch.
Nothing appears to happen.
The wall freezes Gastronok!
Gastronok waves his eye-stalks in wide circles.
The air twists around and strikes you!
You slash Gastronok!
Gastronok is moderately wounded.
You slash Gastronok!
Gastronok is heavily wounded.
The wall freezes Gastronok!
Gastronok bites you!
You slash Gastronok!
Gastronok is heavily wounded.
The frozen ramparts melt away.
You hit Gastronok but do no damage.
Gastronok is heavily wounded.
You hit Gastronok. Lightning courses through Gastronok!
Gastronok is severely wounded.
Gastronok casts a spell.
Gastronok puts on a burst of speed!
You hit Gastronok.
Gastronok is severely wounded.
You completely miss Gastronok.
Gastronok is severely wounded.
Gastronok bites you!!
You die...

.....................#
(.P..........).......#
(P(..####.####......#
(....# #.# #......#
.....# #P) ###....#
....# #.!(##.#....#
....####$!:..#.....#
+##..#.##.######....#
.......##..#.###@...#
.............#w#†..#
##........P......#
#P...............#
##..###..........#
#.## ##.........# #.#
#.>.#......#
##.#####.........##
#...#.##..P#.#....#


You could see Gastronok (swift, combustible).

Vanquished Creatures
  A hydra (Lair:3)
  A catoblepas (Lair:2)
  3 two-headed ogres (D:9)
  A wizard (D:9)
  3 black mambas
  3 cane toads
  A troll (D:9)
  Prince Ribbit (D:9)
  2 polar bears
  A hornet (D:8)
  3 blink frogs
  A shadow (D:9)
  6 wyverns
  19 yaks
  A basilisk (Lair:3)
  A steam dragon (D:8)
  A small abomination (D:9)
  An acid dragon (D:9)
  5 water moccasins
  4 orc warriors
  3 ice beasts
  A black bear (D:4)
  An ogre (D:7)
  2 wolves (Lair:3)
  4 centaurs
  A phantom (D:5)
  2 kobold brigands
  9 bullfrogs
  2 necrophages (D:5)
  2 scorpions (D:6)
  2 killer bees (D:9)
  An electric eel (Lair:1)
  2 howler monkeys
  8 hounds
  4 orc priests
  6 iguanas
  Ijyb (D:5)
  Terence (D:3)
  5 orc wizards
  8 adders
  A shadow imp (D:6)
  3 ufetubi
  4 worms
  3 dart slugs
  16 orcs
  5 endoplasms
  3 giant cockroaches
  8 goblins
  2 hobgoblins
  6 jackals (D:4)
  8 kobolds
  4 quokkas
  3 ball pythons
  6 bats
  3 frilled lizards (D:1)
  12 rats
  A bush (Lair:3)
212 creatures vanquished.

Vanquished Creatures (others)
  10 foxfires
  22 fungi
  29 plants
61 creatures vanquished.

Grand Total: 273 creatures vanquished

Notes
Turn   | Place    | Note
-------+----------+-------------------------------------------
     0 | D:1      | sizableburger the Deep Elf Fighter began the quest for the
                  | Orb.
     0 | D:1      | Reached XP level 1. HP: 13/13 MP: 3/3
   149 | D:1      | Reached skill level 2 in Axes
   149 | D:1      | Reached XP level 2. HP: 18/18 MP: 4/4
   637 | D:1      | Found Hunt's Distillery.
  1092 | D:2      | Reached XP level 3. HP: 23/23 MP: 5/5
  1331 | D:2      | Found Ropsuig's Book Boutique.
  1491 | D:2      | Reached skill level 1 in Dodging
  1627 | D:2      | Found a faded altar of an unknown god.
  2229 | D:3      | Noticed chopper's ghost (weakling GnFi)
  2266 | D:3      | Reached XP level 4. HP: 28/28 MP: 6/6
  2658 | D:3      | Reached skill level 3 in Axes
  2709 | D:3      | Found a runed translucent gate.
  2709 | D:3      | Found a runed translucent gate.
  2709 | D:3      | Found a runed translucent gate.
  2999 | D:3      | Noticed Terence
  3023 | D:3      | Killed Terence
  3032 | D:3      | Reached XP level 5. HP: 32/32 MP: 7/7
  3613 | D:4      | Found a runed translucent door.
  3614 | D:4      | Noticed Crazy Yiuf
  3674 | D:4      | Noticed a black bear
  3692 | D:4      | Reached skill level 1 in Evocations
  3695 | D:4      | Killed a black bear
  3696 | D:4      | Reached XP level 6. HP: 34/37 MP: 8/8
  3756 | D:4      | Found a staircase to the Ecumenical Temple.
  3766 | Temple   | Entered the Ecumenical Temple
  4038 | Temple   | Became a worshipper of Vehumet
  4273 | D:4      | Reached skill level 4 in Axes
  4273 | D:4      | Reached skill level 1 in Spellcasting
  5288 | D:5      | Entered Level 5 of the Dungeon
  5639 | D:5      | Noticed Ijyb
  5682 | D:5      | Killed Ijyb
  5690 | D:5      | Reached XP level 7. HP: 18/41 MP: 12/12
  5710 | D:5      | Reached skill level 5 in Axes
  5717 | D:5      | Reached * piety under Vehumet
  5717 | D:5      | Offered knowledge of Foxfire by Vehumet.
  5978 | D:4      | Learned a level 1 spell: Foxfire
  6243 | D:5      | Reached skill level 6 in Axes
  6586 | D:5      | Found a blossoming altar of Fedhas.
  6610 | D:5      | Noticed an oklob plant
  7020 | D:6      | Reached XP level 8. HP: 42/46 MP: 13/13
  7067 | D:6      | Reached skill level 7 in Axes
  7751 | D:6      | Reached skill level 8 in Axes
  8528 | D:7      | Found a transporter.
  8528 | D:7      | Noticed a red ugly thing
  8542 | D:7      | Found a transporter.
  8860 | D:7      | Reached XP level 9. HP: 46/50 MP: 16/18
  8923 | D:7      | Found a one-way gate to the infinite horrors of the Abyss.
  8923 | D:7      | Noticed sammy202020's ghost (novice DsBe)
  8924 | D:7      | Noticed an ancient zyme
  9184 | D:7      | Found a sparkling altar of Nemelex Xobeh.
  9227 | D:7      | Reached skill level 5 in Spellcasting
  9838 | D:8      | Reached skill level 9 in Axes
 10072 | D:8      | Paralysed by a hornet for 3 turns
 10260 | D:8      | Identified the ring of Awe {rElec Dex+6}
 10649 | D:8      | Found a runed translucent gate.
 10649 | D:8      | Found a runed translucent gate.
 10649 | D:8      | Found a runed translucent gate.
 10650 | D:8      | Noticed a brown ugly thing
 10650 | D:8      | Noticed a white ugly thing
 10650 | D:8      | Noticed a glowing orange brain
 10654 | D:8      | Noticed a green ugly thing
 10655 | D:8      | Noticed a red ugly thing
 10710 | D:9      | Found Luimy's Assorted Antiques.
 10727 | D:9      | Found a staircase to the Lair.
 10772 | D:9      | Noticed a troll
 10782 | D:9      | Killed a troll
 10783 | D:9      | Reached skill level 1 in Conjurations
 10783 | D:9      | Reached skill level 1 in Fire Magic
 10998 | D:8      | Reached ** piety under Vehumet
 10998 | D:8      | Offered knowledge of Scorch by Vehumet.
 11002 | D:8      | Learned a level 2 spell: Scorch
 11191 | D:9      | Noticed Prince Ribbit
 11207 | D:9      | Killed Prince Ribbit
 11366 | D:9      | Noticed a two-headed ogre
 11517 | D:9      | Killed a two-headed ogre
 11518 | D:9      | Reached XP level 10. HP: 41/57 MP: 19/19
 11723 | D:9      | Noticed a wizard
 11734 | D:9      | Killed a wizard
 11735 | D:9      | Reached skill level 10 in Axes
 11747 | D:9      | Noticed a large abomination
 12067 | D:9      | Reached skill level 5 in Conjurations
 12067 | D:9      | Reached skill level 5 in Fire Magic
 12297 | D:9      | Noticed a two-headed ogre
 12299 | D:9      | Noticed a two-headed ogre
 12315 | D:9      | Killed a two-headed ogre
 12320 | D:9      | Killed a two-headed ogre
 12325 | D:9      | HP: 1/57 [orc warrior/+0 war axe (14)]
 13149 | D:9      | Noticed a death knight
 13878 | Lair:1   | Entered Level 1 of the Lair of Beasts
 14065 | Lair:1   | Reached XP level 11. HP: 40/62 MP: 21/21
 14074 | Lair:1   | Offered knowledge of Frozen Ramparts by Vehumet.
 14093 | Lair:1   | Reached skill level 5 in Fighting
 14978 | Lair:1   | Reached skill level 11 in Axes
 16326 | Lair:2   | Found a staircase to the Snake Pit.
 16400 | Lair:2   | Reached *** piety under Vehumet
 16558 | Lair:2   | Learned a level 3 spell: Frozen Ramparts
 16897 | Lair:2   | Noticed a catoblepas
 17279 | Lair:2   | Reached skill level 1 in Ice Magic
 17433 | Lair:3   | Noticed a four-headed hydra
 17449 | Lair:3   | Killed a four-headed hydra
 17531 | Lair:2   | HP: 2/66 [blink frog (12)]
 17554 | Lair:2   | HP: 2/66 [blink frog (7)]
 17949 | Lair:2   | Killed a catoblepas
 18373 | Lair:3   | Found a transporter.
 18380 | Lair:3   | Found a transporter.
 18384 | Lair:3   | Noticed ders's ghost (journeyman DjCj)
 18430 | Lair:3   | You fall into a shaft and drop 1 floor!
 18600 | Lair:3   | Noticed an oklob plant
 19391 | Lair:3   | Noticed Gastronok
 19545 | Lair:3   | Mangled by Gastronok

Illustrated notes

Levels and vault maps discovered:
D:1:      psy_arrival_dodecagon, layout_loops_ring, serial_shops, shop_statue
D:2:      layout_basic, serial_shops, nicolae_shop_hallway_stairs,
          shapermc_ecumenical_altar_mp_ritualfount
D:3:      layout_loops_ring, gammafunk_ghost_icy, st_stairs_9, uniq_terence
D:4:      layout_basic, minmay_temple_entry_junction, uniq_crazy_yiuf_cottage
D:5:      layout_rooms, tgw_fedhas, kennysheep_doodads, uniq_ijyb
D:6:      layout_rooms, portal_sewer_entry_b
D:7:      layout_basic, nemelex_spade_bored_becter,
          gammafunk_ghost_abyssal_escape, mumra_transporter_accident,
          grunt_ogre_cave
D:8:      layout_basic, ploomutoo_gammafunk_ghost_potion_laboratory
D:9:      minmay_the_grid_square_5x5_4x4
          [minmay_the_grid_square_5x5_fancy_junction,
          minmay_the_grid_square_5x5_v, minmay_the_grid_square_5x5_six_small,
          minmay_the_grid_square_5x5_minimal,
          minmay_the_grid_square_5x5_doubleslash,
          minmay_the_grid_square_5x5_prize_deathbox,
          minmay_the_grid_square_5x5_prize_itemx,
          minmay_the_grid_square_5x5_inner_z, minmay_the_grid_square_5x5_corner,
          minmay_the_grid_square_5x5_prize_rear_guard,
          minmay_the_grid_square_5x5_prize_open,
          minmay_the_grid_square_5x5_spiral,
          minmay_the_grid_square_5x5_tri_point,
          minmay_the_grid_square_5x5_broken_cross,
          minmay_the_grid_square_5x5_dogpile, minmay_the_grid_square_5x5_z],
          layout_gridville, serial_shops, nicolae_take_the_stairs, laboratory,
          uniq_prince_ribbit1
Temple:   mainiacjoe_temple_cubbyholes
Lair:1:   layout_loops_ring, chequers_serial_rivers_marsh, serial_bayou_shore_a,
          grunt_megastairs_3
Lair:2:   layout_roguey, dummy_snake_entry
Lair:3:   layout_chaotic_city, gammafunk_ghost_berserking_beasts, basic_altar,
          minmay_lair_oklob_items, grunt_megastairs_5, lemuel_fruit_tree,
          uniq_gastronok
Lair:4:   layout_big_grid, minmay_shoals_entry_hut

Skill      XL: |  1  2  3  4  5  6  7  8  9 10 11 |
---------------+----------------------------------+-----
Axes           | 2 3 4 6 8 9 10 11 | 11.0
Fighting       | 3 4 6 |  6.8
Dodging        | 1 3 |  3.6
Evocations     | 2 |  2.6
Spellcasting   | 2 4 5 7 |  7.0
Conjurations   | 3 6 |  6.1
Fire Magic     | 3 6 7 |  7.0
Armour         | 4 |  4.7
Ice Magic      | 3 |  3.5
Shields        | |  2.4

Action                   |  1- 3 |  4- 6 |  7- 9 | 10-12 || total
-------------------------+-------+-------+-------+-------++-------
Melee: War axe           |   108 |   213 |   300 |   312 ||   933
Throw: Boomerang         |     4 |     1 |    13 |    24 ||    42
       Throwing net      |       |       |       |     1 ||     1
 Cast: Scorch            |       |       |       |    68 ||    68
       Foxfire           |       |       |       |     5 ||     5
       Frozen Ramparts   |       |       |       |     2 ||     2
Evoke: Wand              |       |     4 |    20 |    11 ||    35
  Use: Scroll            |     5 |     3 |     9 |    12 ||    29
       Potion            |       |     2 |     9 |     8 ||    19
Armor: Scale mail        |    60 |   127 |    94 |       ||   281
       Skin              |       |    22 |       |       ||    22
       Chain mail        |       |       |    68 |   144 ||   212
Dodge: Dodged            |    41 |   138 |   138 |   121 ||   438
Block: Buckler           |    17 |    64 |    78 |    92 ||   251

Table legend: (Time is in decaauts)
 A = Elapsed time spent in this place.
 B = Non-inter-level travel time spent in this place.
 C = Inter-level travel time spent in this place.
 D = Time resting spent in this place.
 E = Time spent auto-exploring this place.
 F = Levels seen in this place.
 G = Mean time per level.
                   A        B        C        D        E       F      G
               +--------+--------+--------+--------+--------+-----+--------+
         Total |  19757 |  18708 |   1049 |   8178 |   7270 |  14 | 1411.2 |
       Dungeon |  13749 |  12963 |    786 |   4786 |   5768 |   9 | 1527.7 |
        Temple |    318 |    251 |     67 |      0 |    142 |   1 |  318.0 |
          Lair |   5689 |   5494 |    195 |   3392 |   1359 |   4 | 1422.2 |
               +--------+--------+--------+--------+--------+-----+--------+

Top non-repeatable levels by time:
  Lair:1: 2571 daAuts
     D:9: 2162 daAuts
     D:4: 2075 daAuts
     D:8: 1933 daAuts
  Lair:2: 1867 daAuts
     D:3: 1462 daAuts
     D:6: 1420 daAuts
     D:7: 1411 daAuts
     D:5: 1267 daAuts
  Lair:3: 1220 daAuts
     D:1: 1101 daAuts
     D:2: 914 daAuts
  Temple: 318 daAuts
  Lair:4: 30 daAuts
